AoeStats
← Kanyaga

Arabia

509748559Analyzed
1v1 RM · 4d ago on Sep 27, 2026· 34m 27s· 2 players
Game mode
Random Map
Map size
Tiny (2 player)
Population
200
Speed
Normal
Resources
Standard
Victory
Conquest
Starting age
Dark Age
Ending age
Imperial Age
RankedLock teamsTeams togetherTeam positionsShared explorationLock speedFull tech treeHidden civsTurbo modeCheats
Victory
Defeat
🇹🇼 Poles · Taiwan
1583
+16
🇹🇷 Mongols · Türkiye
1576
-16
Kanyaga
3:13 Loom
9:56 Feudal Age
10:48 Double-Bit Axe
11:23 Horse Collar
14:30 Scale Barding Armor
22:58 Wheelbarrow
25:30 Castle Age
24:30 Fletching
24:52 Bloodlines
25:04 Padded Archer Armor
26:19 Bodkin Arrow
26:49 Bow Saw
26:33 Gold Mining
27:15 Hand Cart
26:50 Town Watch
28:46 Ballistics
28:58 Husbandry
30:28 Leather Archer Armor
asd911s
7:17 Loom
9:34 Feudal Age
10:16 Double-Bit Axe
10:13 Horse Collar
15:46 Bloodlines
16:47 Forging
23:03 Castle Age
21:53 Gold Mining
23:43 Wheelbarrow
23:33 Fletching
24:29 Bow Saw
24:20 Heavy Plow
24:18 Bodkin Arrow
24:34 Light Cavalry
26:32 Husbandry
27:35 Padded Archer Armor
28:15 Scale Barding Armor
30:03 Chain Barding Armor
30:09 Ballistics
30:28 Leather Archer Armor
30:17 Stone Mining
33:55 Iron Casting
33:28 Town Watch
33:58 Hand Cart
34:44 Szlachta Privileges
37:26 Imperial Age
Connection lost

Rejoining the realm…

Still unreachable

The connection could not be restored.

Session expired

The server has moved on; the page needs a fresh start.